General information
- name: BNet
- type: Ladder team game (AT/RT)
- host: Battle.net
- saver: ibeatmykids.
map: MarketSquare
- players: 8
- length: 54:27
- speed: Fast
- version: 1.24 W3XP
- replay type: Public
» download(262 KB)
Players
team 1 (loser)
0prah) (
green | 30 APM | 916 actions | 30:45)
4 Blademaster
2 Wind Walk
2 Critical Strike
4 Shadow Hunter
2 Healing Wave
2 Hex
» actions
| Assign group hotkey | 8 | |
| Basic commands | 14 | |
| Build / train | 61 | |
| Enter build submenu | 21 | |
| Enter hero's abilities submenu | 8 | |
| Right click | 544 | |
| Select / deselect | 159 | |
| Select group hotkey | 32 | |
| Use ability | 69 | |
916 total
» units
» upgrades
| Ensnare | 1 | |
| Armor | 3 | |
| Melee Weapons | 3 | |
7 total
» buildings
| Altar of Storms | 2 | |
| Orc Burrow | 11 | |
| Barracks | 1 | |
| Stronghold | 2 | |
| War Mill | 1 | |
| Voodoo Lounge | 1 | |
| Beastiary | 3 | |
| Great Hall | 1 | |
| Fortress | 1 | |
| Spirit Lodge | 1 | |
24 total
» build order
00:06 Altar of Storms
00:13 Orc Burrow
00:32 Barracks
01:35 Orc Burrow
02:41 Stronghold
03:38 War Mill
03:44 Orc Burrow
04:48 Voodoo Lounge
05:31 Beastiary
05:46 Beastiary
07:22 Great Hall
08:17 Orc Burrow
09:32 Orc Burrow
11:05 Orc Burrow
13:31 Fortress
14:51 Spirit Lodge
20:09 Stronghold
20:13 Orc Burrow
20:18 Orc Burrow
21:25 Orc Burrow
21:29 Orc Burrow
22:29 Altar of Storms
23:59 Orc Burrow
24:28 Beastiary
» items
| Boots of Speed | 1 | |
| Staff of Teleportation | 1 | |
| Healing Salve | 1 | |
| Scroll of Speed | 1 | |
| Scroll of Town Portal | 1 | |
5 total

»
DIP.NACHOS. (
yellow | 58 APM | 3183 actions | 54:25)
6 Death Knight
3 Death Coil
1 Unholy Aura
1 Death Pact
1 Animate Dead
6 Lich
3 Frost Nova
2 Dark Ritual
1 Death and Decay
» actions
| Assign group hotkey | 57 | |
| Basic commands | 214 | |
| Build / train | 77 | |
| Enter build submenu | 30 | |
| Enter hero's abilities submenu | 12 | |
| Give item / drop item | 1 | |
| Right click | 1223 | |
| Select / deselect | 372 | |
| Select group hotkey | 1080 | |
| Use ability | 117 | |
3183 total
» units
| Acolyte | 11 | |
| Ghoul | 3 | |
| Crypt Fiend | 6 | |
| Frost Wyrm | 6 | |
| Gargoyle | 4 | |
| Meatwagon | 2 | |
32 total
» upgrades
| Creature Attack | 1 | |
| Web | 1 | |
| Burrow | 1 | |
| Creature Carapace | 2 | |
| Freezing Breath | 1 | |
6 total
» buildings
| Graveyard | 1 | |
| Crypt | 3 | |
| Ziggurat | 11 | |
| Altar of Darkness | 1 | |
| Tomb of Relics | 3 | |
| Nerubian Tower | 1 | |
| Halls of the Dead | 1 | |
| Spirit Tower | 6 | |
| Black Citadel | 1 | |
| Sacrificial Pit | 1 | |
| Boneyard | 3 | |
| Necropolis | 4 | |
| Slaughterhouse | 4 | |
40 total
» build order
00:08 Graveyard
00:11 Crypt
00:48 Ziggurat
01:00 Altar of Darkness
01:47 Tomb of Relics
02:02 Ziggurat
02:35 Nerubian Tower
04:37 Halls of the Dead
04:56 Ziggurat
04:57 Ziggurat
05:24 Ziggurat
06:25 Spirit Tower
07:26 Black Citadel
07:47 Ziggurat
07:47 Ziggurat
08:52 Sacrificial Pit
10:09 Boneyard
10:09 Boneyard
11:02 Ziggurat
16:45 Spirit Tower
16:46 Spirit Tower
18:07 Necropolis
20:07 Ziggurat
20:37 Tomb of Relics
21:04 Spirit Tower
21:06 Spirit Tower
21:27 Necropolis
23:12 Crypt
23:16 Crypt
24:12 Spirit Tower
27:16 Ziggurat
33:10 Necropolis
37:05 Necropolis
41:19 Slaughterhouse
41:19 Slaughterhouse
41:22 Boneyard
41:27 Slaughterhouse
41:28 Slaughterhouse
41:30 Tomb of Relics
» items
| Rod of Necromancy | 2 | |
| Dust of Appearance | 1 | |
| Scroll of Town Portal | 2 | |
| Scroll of Healing | 4 | |
| Potion of Lesser Invulnerability | 2 | |
| Periapt of Vitality | 1 | |
| Staff of Teleportation | 2 | |
14 total
Munchi2 (
blue | 41 APM | 2233 actions | 54:25)
7 Blademaster
3 Wind Walk
3 Critical Strike
1 Bladestorm
» actions
| Assign group hotkey | 6 | |
| Basic commands | 220 | |
| Build / train | 72 | |
| Enter build submenu | 55 | |
| Enter hero's abilities submenu | 7 | |
| Give item / drop item | 2 | |
| Remove unit from queue | 5 | |
| Right click | 1142 | |
| Select / deselect | 569 | |
| Select group hotkey | 16 | |
| Use ability | 139 | |
2233 total
» units
| Peon | 15 | |
| Troll Batrider | 16 | |
| Wind Rider | 3 | |
34 total
» upgrades
| Spiked Barricades | 3 | |
| Liquid Fire | 1 | |
| Reinforced Defenses | 1 | |
| Ranged Weapons | 3 | |
| Armor | 2 | |
10 total
» buildings
| Orc Burrow | 6 | |
| War Mill | 2 | |
| Altar of Storms | 1 | |
| Watch Tower | 40 | |
| Voodoo Lounge | 1 | |
| Stronghold | 1 | |
| Fortress | 1 | |
| Beastiary | 2 | |
| Great Hall | 1 | |
55 total
» build order
00:21 Orc Burrow
00:38 War Mill
01:12 Altar of Storms
01:52 Watch Tower
02:05 Watch Tower
02:21 Voodoo Lounge
02:40 Orc Burrow
03:02 Stronghold
03:34 Watch Tower
03:38 Watch Tower
04:44 Watch Tower
05:20 Watch Tower
05:54 Fortress
06:03 Beastiary
06:59 Watch Tower
07:23 Orc Burrow
08:53 Watch Tower
08:55 Watch Tower
10:01 Watch Tower
10:09 Watch Tower
10:55 Beastiary
11:00 Orc Burrow
11:28 Watch Tower
12:33 Watch Tower
12:37 Watch Tower
12:42 Watch Tower
12:59 Orc Burrow
13:18 War Mill
14:04 Orc Burrow
16:09 Watch Tower
16:22 Watch Tower
16:36 Watch Tower
17:15 Watch Tower
19:02 Watch Tower
20:55 Watch Tower
20:56 Watch Tower
20:56 Watch Tower
20:57 Watch Tower
20:59 Watch Tower
22:17 Great Hall
24:19 Watch Tower
24:23 Watch Tower
24:24 Watch Tower
25:00 Watch Tower
25:05 Watch Tower
25:33 Watch Tower
25:35 Watch Tower
25:36 Watch Tower
25:44 Watch Tower
25:46 Watch Tower
28:29 Watch Tower
28:31 Watch Tower
33:16 Watch Tower
33:17 Watch Tower
33:18 Watch Tower
» items
| Healing Salve | 3 | |
| Lesser Clarity Potion | 4 | |
| Boots of Speed | 1 | |
| Staff of Teleportation | 1 | |
| Potion of Mana | 2 | |
| Scroll of Town Portal | 1 | |
| Orb of Lightning | 1 | |
13 total
Theschwann (
pink | 22 APM | 819 actions | 37:52)
4 Warden
2 Fan of Knives
1 Shadow Strike
1 Blink
3 Demon Hunter
2 Immolation
1 Evasion
» actions
| Assign group hotkey | 12 | |
| Basic commands | 5 | |
| Build / train | 83 | |
| Enter build submenu | 27 | |
| Enter hero's abilities submenu | 7 | |
| Remove unit from queue | 1 | |
| Right click | 316 | |
| Select / deselect | 253 | |
| Select group hotkey | 33 | |
| Use ability | 82 | |
819 total
» units
| Wisp | 30 | |
| Archer | 4 | |
| Huntress | 2 | |
| Druid of the Claw | 18 | |
| Dryad | 8 | |
62 total
» upgrades
| Strength of the Wild | 3 | |
| Reinforced Hides | 2 | |
| Druid of the Claw Training | 2 | |
| Mark of the Claw | 1 | |
| Abolish Magic | 1 | |
9 total
» buildings
| Altar of Elders | 1 | |
| Moon Well | 10 | |
| Ancient of War | 1 | |
| Tree of Ages | 1 | |
| Hunter's Hall | 1 | |
| Ancient Protector | 11 | |
| Ancient of Lore | 2 | |
| Tree of Life | 3 | |
| Tree of Eternity | 1 | |
31 total
» build order
00:11 Altar of Elders
00:14 Moon Well
01:35 Ancient of War
05:11 Moon Well
05:15 Moon Well
05:21 Moon Well
05:26 Moon Well
05:28 Moon Well
05:29 Moon Well
05:30 Moon Well
06:37 Tree of Ages
06:43 Hunter's Hall
08:00 Ancient Protector
09:38 Ancient of Lore
09:50 Ancient of Lore
11:36 Tree of Life
11:43 Ancient Protector
11:47 Ancient Protector
11:51 Ancient Protector
13:39 Tree of Eternity
18:17 Ancient Protector
18:22 Ancient Protector
18:25 Ancient Protector
18:30 Ancient Protector
18:34 Ancient Protector
18:49 Ancient Protector
18:53 Ancient Protector
22:38 Moon Well
22:40 Moon Well
28:36 Tree of Life
33:32 Tree of Life
team 2 (winner)

»
i-kill-babies (
orange | 30 APM | 1626 actions | 54:25)
5 Priestess of the Moon
2 Searing Arrows
3 Trueshot Aura
3 Archmage
2 Summon Water Elemental
1 Mass Teleport
» actions
| Assign group hotkey | 7 | |
| Basic commands | 4 | |
| Build / train | 116 | |
| ESC pressed | 2 | |
| Enter build submenu | 48 | |
| Enter hero's abilities submenu | 8 | |
| Remove unit from queue | 1 | |
| Right click | 695 | |
| Select / deselect | 615 | |
| Select group hotkey | 42 | |
| Use ability | 88 | |
1626 total
» units
| Wisp | 22 | |
| Huntress | 15 | |
| Archer | 2 | |
| Siege Engine | 9 | |
| Peasant | 7 | |
| Priest | 2 | |
| Knight | 4 | |
| Sorceress | 3 | |
64 total
» upgrades
| Strength of the Moon | 3 | |
| Moon Armor | 3 | |
| Ultravision | 1 | |
| Sentinel | 1 | |
| Upgrade Moon Glaive | 1 | |
| Well Spring | 1 | |
| Improved Bows | 1 | |
| Marksmanship | 1 | |
| Masonry | 1 | |
| Gunpowder | 2 | |
| Plating | 3 | |
| Swords | 2 | |
| Magic Sentry | 1 | |
| Priest Training | 2 | |
| Control Magic | 1 | |
| Sorceress Training | 2 | |
| Armor | 3 | |
29 total
» buildings
| Moon Well | 7 | |
| Altar of Elders | 2 | |
| Hunter's Hall | 1 | |
| Ancient of War | 2 | |
| Ancient of Wonders | 1 | |
| Tree of Ages | 3 | |
| Tree of Life | 3 | |
| Tree of Eternity | 1 | |
| Ancient Protector | 5 | |
| Farm | 6 | |
| Blacksmith | 1 | |
| Town Hall | 4 | |
| Arcane Sanctum | 2 | |
| Scout Tower | 7 | |
| Guard Tower | 2 | |
47 total
» build order
00:58 Moon Well
01:23 Altar of Elders
02:00 Hunter's Hall
02:25 Ancient of War
02:50 Moon Well
03:04 Ancient of War
03:10 Ancient of Wonders
03:23 Moon Well
04:05 Tree of Ages
04:05 Tree of Ages
04:05 Tree of Ages
06:59 Moon Well
07:07 Tree of Life
09:14 Tree of Eternity
10:29 Ancient Protector
15:27 Ancient Protector
15:35 Ancient Protector
15:37 Ancient Protector
15:44 Ancient Protector
16:15 Tree of Life
16:49 Moon Well
16:51 Moon Well
19:03 Tree of Life
22:15 Moon Well
22:30 Altar of Elders
25:10 Farm
26:10 Blacksmith
28:37 Farm
29:03 Town Hall
30:15 Arcane Sanctum
32:52 Arcane Sanctum
34:20 Scout Tower
34:32 Town Hall
34:51 Guard Tower
34:54 Scout Tower
35:26 Scout Tower
39:37 Town Hall
39:41 Scout Tower
39:42 Scout Tower
39:43 Scout Tower
39:55 Scout Tower
42:40 Guard Tower
43:55 Farm
43:57 Farm
44:47 Farm
46:24 Farm
47:04 Town Hall
» items
| Scroll of Town Portal | 1 | |
| Mechanical Critter | 2 | |
| Scroll of Regeneration | 1 | |
| Ivory Tower | 3 | |
7 total
ibeatmykids. (
red | 41 APM | 2212 actions | 54:27)
6 Paladin
2 Divine Shield
3 Holy Light
1 Resurrection
6 Goblin Tinker
2 Engineering Upgrade
3 Cluster Rockets
1 Robo-Goblin
» actions
| Assign group hotkey | 118 | |
| Basic commands | 2 | |
| Build / train | 126 | |
| Enter build submenu | 62 | |
| Enter hero's abilities submenu | 12 | |
| Give item / drop item | 2 | |
| Remove unit from queue | 7 | |
| Right click | 1083 | |
| Select / deselect | 520 | |
| Select group hotkey | 159 | |
| Use ability | 121 | |
2212 total
» units
| Peasant | 8 | |
| Footman | 2 | |
| Rifleman | 13 | |
| Mortar Team | -1 | |
| Siege Engine | 2 | |
| Forest Troll High Priest | 1 | |
| Kobold Geomancer | 1 | |
| Assassin | 1 | |
| Rogue | 1 | |
28 total
» upgrades
| Masonry | 3 | |
| Gunpowder | 3 | |
| Armor | 3 | |
| Long Rifles | 1 | |
| Lumber Harvesting | 2 | |
| Animal War Training | 1 | |
| Fragmentation Shards | 1 | |
| Flare | 1 | |
| Barrage | 1 | |
| Plating | 2 | |
18 total
» buildings
| Lumber Mill | 3 | |
| Scout Tower | 65 | |
| Arcane Tower | 3 | |
| Altar of Kings | 1 | |
| Farm | 9 | |
| Barracks | 1 | |
| Blacksmith | 1 | |
| Keep | 1 | |
| Town Hall | 2 | |
| Guard Tower | 39 | |
| Arcane Vault | 1 | |
| Castle | 1 | |
| Workshop | 1 | |
| Cannon Tower | 11 | |
139 total
» build order
00:14 Lumber Mill
00:16 Scout Tower
00:43 Arcane Tower
00:59 Altar of Kings
01:12 Farm
02:09 Barracks
02:57 Blacksmith
03:44 Keep
04:27 Farm
04:28 Farm
04:29 Farm
04:30 Farm
10:32 Town Hall
10:51 Scout Tower
10:53 Scout Tower
10:54 Scout Tower
11:20 Guard Tower
11:22 Guard Tower
11:23 Guard Tower
11:30 Scout Tower
11:34 Scout Tower
11:44 Scout Tower
12:05 Guard Tower
12:12 Guard Tower
12:22 Guard Tower
14:25 Arcane Vault
15:30 Castle
18:50 Workshop
20:09 Farm
20:12 Farm
20:47 Scout Tower
20:52 Scout Tower
21:16 Guard Tower
21:20 Guard Tower
22:13 Scout Tower
22:47 Cannon Tower
22:50 Scout Tower
22:52 Scout Tower
23:17 Cannon Tower
23:43 Cannon Tower
24:28 Scout Tower
24:29 Scout Tower
24:30 Scout Tower
24:58 Arcane Tower
25:04 Farm
25:06 Farm
25:26 Guard Tower
25:38 Scout Tower
25:40 Scout Tower
25:48 Scout Tower
25:50 Scout Tower
25:58 Scout Tower
26:00 Scout Tower
26:03 Guard Tower
26:07 Guard Tower
26:17 Guard Tower
26:26 Guard Tower
26:29 Cannon Tower
26:35 Guard Tower
26:42 Guard Tower
26:45 Scout Tower
26:46 Scout Tower
26:47 Scout Tower
27:18 Guard Tower
27:28 Guard Tower
27:47 Cannon Tower
27:57 Scout Tower
28:09 Scout Tower
28:10 Scout Tower
28:14 Scout Tower
28:21 Scout Tower
28:23 Scout Tower
28:24 Scout Tower
28:54 Guard Tower
28:57 Guard Tower
29:00 Guard Tower
29:01 Guard Tower
29:20 Cannon Tower
29:46 Scout Tower
29:48 Scout Tower
29:49 Scout Tower
29:53 Cannon Tower
30:13 Scout Tower
30:17 Guard Tower
30:28 Lumber Mill
30:43 Guard Tower
30:46 Guard Tower
31:16 Guard Tower
31:28 Scout Tower
31:31 Scout Tower
31:32 Scout Tower
31:34 Scout Tower
31:57 Guard Tower
31:59 Cannon Tower
32:01 Guard Tower
32:07 Scout Tower
32:09 Scout Tower
32:10 Scout Tower
33:31 Cannon Tower
36:02 Scout Tower
36:03 Scout Tower
36:04 Scout Tower
36:05 Scout Tower
36:07 Scout Tower
36:08 Scout Tower
36:10 Scout Tower
36:12 Scout Tower
37:16 Town Hall
37:24 Scout Tower
37:26 Scout Tower
37:52 Arcane Tower
37:55 Guard Tower
37:58 Scout Tower
38:00 Scout Tower
38:09 Lumber Mill
38:31 Guard Tower
38:32 Guard Tower
38:39 Scout Tower
38:42 Scout Tower
38:47 Scout Tower
38:48 Scout Tower
38:51 Scout Tower
38:53 Scout Tower
39:30 Cannon Tower
41:16 Guard Tower
41:18 Cannon Tower
41:27 Guard Tower
41:40 Guard Tower
43:37 Scout Tower
43:40 Scout Tower
43:51 Guard Tower
44:04 Guard Tower
44:06 Guard Tower
44:08 Guard Tower
44:57 Scout Tower
45:42 Guard Tower
46:30 Scout Tower
46:34 Scout Tower
47:28 Guard Tower
» items
| Circlet of Nobility | 1 | |
| Scroll of Regeneration | 1 | |
| Orb of Fire | 1 | |
3 total
DeAd_FiShies (
teal | 36 APM | 1004 actions | 28:04)
5 Demon Hunter
3 Mana Burn
2 Evasion
4 Warden
2 Blink
2 Shadow Strike
» actions
| Build / train | 68 | |
| Enter build submenu | 17 | |
| Enter hero's abilities submenu | 9 | |
| Give item / drop item | 2 | |
| Remove unit from queue | 2 | |
| Right click | 443 | |
| Select / deselect | 390 | |
| Use ability | 73 | |
1004 total
» units
» upgrades
| Improved Bows | 1 | |
| Strength of the Moon | 0 | |
| Strength of the Wild | 3 | |
| Reinforced Hides | 2 | |
| Abolish Magic | 1 | |
7 total
» buildings
| Altar of Elders | 1 | |
| Moon Well | 9 | |
| Ancient of War | 1 | |
| Hunter's Hall | 1 | |
| Ancient of Wonders | 1 | |
| Tree of Ages | 1 | |
| Ancient of Lore | 2 | |
| Ancient of Wind | 1 | |
| Tree of Eternity | 1 | |
18 total
» build order
00:27 Altar of Elders
00:29 Moon Well
00:35 Ancient of War
01:39 Moon Well
02:52 Hunter's Hall
03:04 Ancient of Wonders
04:00 Moon Well
04:48 Tree of Ages
05:17 Moon Well
06:35 Moon Well
07:59 Ancient of Lore
08:03 Ancient of Lore
08:06 Ancient of Wind
10:30 Moon Well
11:32 Tree of Eternity
15:55 Moon Well
17:46 Moon Well
18:45 Moon Well
» items
| Boots of Speed | 1 | |
| Potion of Lesser Invulnerability | 2 | |
| Scroll of Town Portal | 3 | |
| Scroll of Protection | 1 | |
| Orb of Venom | 2 | |
| Potion of Healing | 1 | |
| Potion of Mana | 1 | |
| Anti-magic Potion | 1 | |
| Staff of Preservation | 1 | |
13 total

»
f.u.b.a.r (
purple | 24 APM | 545 actions | 22:53)
4 Archmage
1 Summon Water Elemental
2 Blizzard
1 Brilliance Aura
» actions
| Basic commands | 14 | |
| Build / train | 67 | |
| Enter build submenu | 25 | |
| Enter hero's abilities submenu | 4 | |
| Right click | 159 | |
| Select / deselect | 220 | |
| Use ability | 56 | |
545 total
» units
| Peasant | 22 | |
| Footman | 6 | |
| Siege Engine | 5 | |
| Knight | 9 | |
42 total
» upgrades
| Defend | 1 | |
| Lumber Harvesting | 2 | |
| Masonry | 2 | |
| Animal War Training | 1 | |
| Barrage | 1 | |
| Gunpowder | 1 | |
| Swords | 2 | |
10 total
» buildings
| Farm | 7 | |
| Altar of Kings | 1 | |
| Barracks | 2 | |
| Lumber Mill | 1 | |
| Blacksmith | 1 | |
| Keep | 1 | |
| Scout Tower | 6 | |
| Town Hall | 2 | |
| Arcane Vault | 1 | |
| Castle | 1 | |
| Arcane Tower | 2 | |
| Guard Tower | 2 | |
| Workshop | 2 | |
29 total
» build order
01:20 Farm
01:35 Altar of Kings
01:50 Barracks
02:06 Lumber Mill
02:54 Farm
03:09 Farm
03:46 Blacksmith
04:13 Keep
05:08 Scout Tower
06:06 Town Hall
06:27 Scout Tower
08:01 Arcane Vault
08:53 Castle
09:11 Scout Tower
09:43 Scout Tower
10:14 Scout Tower
10:16 Arcane Tower
10:18 Guard Tower
10:34 Barracks
10:50 Workshop
10:55 Scout Tower
10:56 Guard Tower
11:25 Workshop
11:29 Arcane Tower
11:43 Farm
11:55 Farm
15:51 Town Hall
17:40 Farm
18:24 Farm
» items
| Scroll of Regeneration | 2 | |
| Potion of Mana | 1 | |
| Potion of Healing | 1 | |
4 total
Chat log
(00:08 / Allies) DeAd_FiShies: drys talongs
(00:12 / Allies) DeAd_FiShies: talons*
(00:29 / All) DIP.NACHOS.: they actually aren't hommade
(00:34 / All) DIP.NACHOS.: they are low carb cookies
(00:37 / All) ibeatmykids.: damn
(00:43 / All) DIP.NACHOS.: lets relax this game and just creep together, where are u
(00:59 / All) DeAd_FiShies: can i join?
(01:08 / All) DIP.NACHOS.: yes pink, pink recognized me
(01:22 / All) DIP.NACHOS.: remember him?
(01:25 / All) DIP.NACHOS.: oh worldwarz
(01:37 / All) ibeatmykids.: don't think so
(01:41 / All) DIP.NACHOS.: pink is friends/roomates with blue, worldofwars or whatever
(01:59 / All) Theschwann: yep
(02:14 / All) DIP.NACHOS.: just relax, we're gonnna have fun
(02:25 / All) Theschwann: oh im well relaxed
(02:26 / All) DIP.NACHOS.: im a former #1 rank rt player, dawgs,
(02:36 / All) ibeatmykids.: it's true, I know him
(02:43 / All) Theschwann: hahaha
(02:52 / All) Theschwann: ive seen the skills
(02:57 / All) DIP.NACHOS.: although im lazy as hell and ruesty
(03:10 / All) ibeatmykids.: where do we go creeping?
(03:12 / All) DIP.NACHOS.: im bot left, creep green creeps first
(03:28 / All) DIP.NACHOS.: they give exp tomes next to ur base
(04:20 / All) Theschwann: me and my roommate wanna be part of the crew
(04:46 / All) DIP.NACHOS.: i got unbeleicvable delay
(05:10 / All) DeAd_FiShies: peek aboo?
(05:59 / All) DIP.NACHOS.: ur hero should be level 2 now
(06:12 / All) ibeatmykids.: just about, was building riflemen
(06:30 / All) ibeatmykids.: level 2 now
(07:47 / Allies) DeAd_FiShies: 3 rings..
(08:23 / Allies) DeAd_FiShies: fheck
(09:59 / Allies) f.u.b.a.r: tp?
(10:09 / Allies) DeAd_FiShies: no
(13:23 / All) DeAd_FiShies: sup
(14:03 / Allies) f.u.b.a.r: thx
(14:11 / Allies) DeAd_FiShies: np
(14:19 / All) DIP.NACHOS.: dang its pourin gout
(14:38 / Allies) DeAd_FiShies: shit
(15:04 / Allies) DeAd_FiShies: meet now
(15:05 / All) DIP.NACHOS.: get expos
(15:34 / Allies) DeAd_FiShies: tech..
(16:17 / All) DeAd_FiShies: WTF
(16:21 / All) ibeatmykids.: haha
(16:28 / All) DeAd_FiShies: thats alot :P
(16:31 / All) Munchi2: and stay out
(16:36 / All) DeAd_FiShies: i will
(17:05 / Allies) i-kill-babies: go in
(17:25 / All) DeAd_FiShies: oO
(17:33 / All) DeAd_FiShies: bad idea?
(18:14 / Allies) DeAd_FiShies: DONT
(18:19 / Allies) DeAd_FiShies: fail
(18:27 / Allies) DeAd_FiShies: hunts cant hit air..
(18:54 / All) DIP.NACHOS.: back off of my team
(19:06 / All) DeAd_FiShies: uh no?
(20:18 / Allies) i-kill-babies: \pup
(20:23 / Allies) f.u.b.a.r: damn
(20:37 / Allies) DeAd_FiShies: why do u guysfail
(20:37 / Allies) DeAd_FiShies: lol
(21:29 / Allies) ibeatmykids.: teal is at the middle left
(21:41 / Allies) DeAd_FiShies: and?
(21:46 / Allies) ibeatmykids.: why?
(22:04 / Allies) DeAd_FiShies: cuz u guys fail
(23:02 / All) DeAd_FiShies: my team fails
(23:06 / All) ibeatmykids.: yes it does
(23:39 / All) ibeatmykids.: I sucked ass this match. maybe because I haven't slept in 30 hours. insomnia sucks
(24:03 / All) ibeatmykids.: teal got raped
(24:06 / All) DIP.NACHOS.: i dont know if i can do this
(24:08 / All) DeAd_FiShies: fucking noobs cant play for shit
(24:17 / All) DeAd_FiShies: yes i got raped
(24:20 / All) ibeatmykids.: in the ass
(24:29 / All) DeAd_FiShies: yes
(25:06 / All) DIP.NACHOS.: its very good blue
(27:23 / All) DIP.NACHOS.: CONTROL PURPLE IDIOT
(27:27 / All) DeAd_FiShies: is this tk?
(27:37 / All) 0prah): yes
(27:38 / All) DeAd_FiShies: NO I WONT
(27:50 / All) 0prah): were being tk now
(28:01 / All) DeAd_FiShies: well w/e
(28:18 / All) DIP.NACHOS.: blues out of gold
(28:20 / All) DIP.NACHOS.: so hes fine
(28:23 / All) DIP.NACHOS.: just expo and get units
(28:40 / All) Munchi2: ya good luck with that
(29:19 / All) DIP.NACHOS.: DONT be afraid to go exploring
(29:46 / All) Theschwann: get away from tha
(30:26 / All) Theschwann: rediculous
(31:10 / All) DIP.NACHOS.: attack pinks base
(31:11 / All) DIP.NACHOS.: BOT RIGHT
(31:13 / All) DIP.NACHOS.: u cant be scared
(31:35 / All) ibeatmykids.: coming
(31:51 / All) Theschwann: dirty
(32:24 / All) Theschwann: my own moon wels
(32:52 / All) DIP.NACHOS.: finish pnk off
(33:02 / All) Theschwann: yello man
(33:16 / All) Theschwann: this is what i get for workin hardd
(34:01 / All) DIP.NACHOS.: just having fun pink
(34:04 / Allies) ibeatmykids.: rape
(34:06 / All) ibeatmykids.: rape
(34:27 / All) ibeatmykids.: job done
(34:34 / All) Theschwann: dirty trick on my moon wells
(34:38 / Allies) i-kill-babies: one wips
(35:09 / All) ibeatmykids.: I really want to get robogoblin
(35:12 / All) DIP.NACHOS.: get expos
(35:14 / All) DIP.NACHOS.: you will
(35:16 / All) DIP.NACHOS.: il feed u
(35:18 / All) DIP.NACHOS.: eventually
(35:22 / All) DIP.NACHOS.: just killed blues bm hes out of gold
(35:55 / All) ibeatmykids.: where are some enemey units my tinker can feed on?
(36:01 / All) DIP.NACHOS.: mine
(36:14 / All) ibeatmykids.: where?
(36:16 / All) DIP.NACHOS.: u getting expos right
(36:28 / All) ibeatmykids.: now I am
(36:33 / All) DIP.NACHOS.: what level is ur tinker
(36:35 / All) ibeatmykids.: 5
(36:43 / All) DIP.NACHOS.: dont let orange or purp expo
(36:43 / All) ibeatmykids.: blue is attacking me
(36:56 / All) DIP.NACHOS.: i know thats all he has
(37:01 / All) Theschwann: take that red
(37:12 / All) ibeatmykids.: oh noes my lumber mill! what ever will I do?
(37:27 / All) DIP.NACHOS.: expo middle top
(37:29 / All) Theschwann: what would you do with out yello?
(37:29 / All) DIP.NACHOS.: ill protect it
(37:32 / Allies) i-kill-babies: look out
(37:35 / All) Theschwann: not a lot
(37:37 / All) ibeatmykids.: right next to that on the right
(38:10 / All) DIP.NACHOS.: go ahead and finish purp off blue you can have him
(38:22 / All) ibeatmykids.: I want robogoblin
(38:25 / All) ibeatmykids.: where can I level?
(38:31 / All) DIP.NACHOS.: go to middle ill put some worms there
(39:23 / All) DIP.NACHOS.: put ur pally in ur base
(39:43 / All) DIP.NACHOS.: get rid of ur pally
(39:47 / All) ibeatmykids.: where to?
(39:53 / All) DIP.NACHOS.: ur base dammit
(39:56 / All) DIP.NACHOS.: so ur tinker levels faster
(40:53 / All) DIP.NACHOS.: tinker is funnest
(40:55 / All) ibeatmykids.: never had this ability in ladder before
(40:57 / All) ibeatmykids.: I agree
(40:59 / All) ibeatmykids.: most awesome hero
(42:09 / All) DIP.NACHOS.: feed my lich to 6 so we can kill his towers faster
(43:10 / All) DIP.NACHOS.: 2 more
(43:14 / All) DIP.NACHOS.: his wyehrns are dead now
(43:54 / All) DIP.NACHOS.: you did better this game im proud of u
(44:15 / All) ibeatmykids.: I don't even know what I'm doing because of how tired I am
(44:26 / All) DIP.NACHOS.: we still got another 15 min of this or so , gonna watch basketball after that, but lets enjoy this
(44:32 / All) DIP.NACHOS.: its only 3 pm
(44:40 / All) ibeatmykids.: I got no sleep last night.
(44:45 / All) ibeatmykids.: none at all
(46:39 / All) DIP.NACHOS.: disappointed blue
(46:46 / All) Munchi2: fuck you
(46:51 / All) ibeatmykids.: lol
(46:57 / All) DIP.NACHOS.: i want u to watch replay when u get soem sleep sir
(47:02 / All) ibeatmykids.: I will
(47:03 / All) DIP.NACHOS.: its how u kill chasing heros
(47:54 / All) DIP.NACHOS.: goahead and use ur tinker on something, solo creeps or something
(48:48 / All) DIP.NACHOS.: blue is fighting to the death
(48:51 / All) DIP.NACHOS.: an honorable death
(48:57 / All) ibeatmykids.: I've always thought Blizzard should implement a shapeshifting hero
(49:34 / All) DIP.NACHOS.: grab pruples hero and spam him, just move him left and right
(50:00 / All) DIP.NACHOS.: actually let him kill my base
(50:11 / All) DIP.NACHOS.: orange is on a new account
(50:50 / All) ibeatmykids.: I miss when Blizzard did mapping contests to get new ones in the map pool. that should be done with 4v4 again
(51:54 / All) ibeatmykids.: I sent Blizzard an email with a 4v4 map 10x better than theirs, and they never even replied. it's sad how little they care abou
(51:58 / All) ibeatmykids.: ut WC3
(52:40 / All) DIP.NACHOS.: finish my base
(53:34 / All) ibeatmykids.: is Blood Mage any good for backstabbing? couldn't you destroy all of your allies' trees and remove their lumber supplies?
(53:50 / All) DIP.NACHOS.: yes but it takes a long time
(53:55 / All) DIP.NACHOS.: lots of mana potions
(54:01 / All) DIP.NACHOS.: after this im gonna watch tv
(54:11 / All) DIP.NACHOS.: good work